 Dungeon Crawl Stone Soup version 0.20-a0-1043-gbd57889 (webtiles) character file.

18356 Gorglomux the Severer (level 12, -4/181 HPs)
             Began as a Hill Orc Berserker on Apr 24, 2017.
             Was a High Priest of Trog.
             Killed from afar by an electric eel (7 damage)
             ... with a bolt of electricity
             ... on level 2 of the Lair of Beasts.
             The game lasted 00:17:14 (12377 turns).

Gorglomux the Severer (Hill Orc Berserker)         Turns: 12377, Time: 00:17:15

Health: -4/181     AC: 26    Str: 21    XL:     12   Next: 57%
Magic:  12/12      EV:  2    Int:  7    God:    Trog [*****.]
Gold:   556        SH:  0    Dex: 14    Spells: 11/11 levels left

rFire    . . .     SeeInvis .   u - +2 broad axe (venom)
rCold    . . .     Gourm    .   (no shield)
rNeg     + + +     Faith    .   (armour currently unavailable)
rPois    +         Spirit   .   (helmet currently unavailable)
rElec    .         Reflect  .   (cloak currently unavailable)
rCorr    .         Harm     .   (gloves currently unavailable)
MR       .....     NoTele   +   (boots currently unavailable)
Stlth    +.........             y - amulet of rage {+Rage, !d}
Regen    0.4/turn               H - ring of positive energy {rN+}
MPRegen  0.2/turn               (no ring)

@: exhausted, tree-form, slowed, very slow
A: no striking features
a: Berserk, Trog's Hand, Brothers in Arms, Burn Spellbooks, Renounce Religion,
Evoke Berserk Rage


You were on level 2 of the Lair of Beasts.
You worshipped Trog.
Trog was extremely pleased with you.
You were very hungry.
You were a tree.
You visited 2 branches of the dungeon, and saw 12 of its levels.
You also visited: Sewer and Bailey.

You collected 556 gold pieces.

Inventory:

Hand Weapons
 a - a +0 hand axe
 u - a +2 broad axe of venom (weapon)
   (You found it in a sewer)
 L - a +0 antimagic battleaxe
   (Trog gifted it to you on level 9 of the Dungeon)
Armour
 e - a +0 chain mail (melded)
   (You found it on level 1 of the Dungeon)
 n - a +1 cloak (melded)
   (You found it on level 1 of the Dungeon)
 A - a +0 helmet (melded)
   (You found it on level 5 of the Dungeon)
Jewellery
 y - an amulet of rage (around neck) {+Rage, !d}
   (You found it on level 4 of the Dungeon)
 H - a ring of positive energy (left branch) {rN+}
   (You found it on level 10 of the Dungeon)
Wands
 w - a wand of scattershot (0/9)
   (You found it in a sewer)
Scrolls
 b - 2 scrolls of magic mapping {unknown}
 f - 2 scrolls of fear {unknown}
 k - 3 scrolls of immolation {unknown}
 l - 3 scrolls of remove curse
 q - 2 scrolls of amnesia
 v - a scroll of random uselessness {unknown}
 x - a scroll of enchant weapon
 z - 2 scrolls of recharging {unknown}
 B - 2 scrolls of fog {unknown}
 D - a scroll of vulnerability {unknown}
 I - a scroll of silence {unknown}
 K - 2 scrolls of teleportation
 M - a scroll of acquirement {unknown}
 N - a scroll of blinking {unknown}
Potions
 g - 3 potions of agility
 h - 4 potions of berserk rage {!q}
 i - a potion of haste {unknown}
 m - 5 potions of brilliance
 o - 3 potions of lignification {!q}
 p - 2 potions of might
 r - 3 potions of mutation {!q}
 s - 7 potions of curing
 C - a potion of heal wounds {unknown}
 E - 2 potions of degeneration {unknown}
 J - 2 potions of flight
Books
 F - a book of Callings
   (You found it on level 9 of the Dungeon)
 G - a book of Necromancy
   (You found it on level 9 of the Dungeon)
Comestibles
 c - 8 bread rations {@e1@e1}
 d - 8 meat rations {@e2@e2}
 j - 2 royal jellies
 t - 15 fruits


   Skills:
 + Level 15.5 Fighting
 - Level 18.6 Axes
 - Level 2.1 Armour
 - Level 1.5 Dodging


You had 11 spell levels left.
You didn't know any spells.

Dungeon Overview and Level Annotations

Branches:
Dungeon (10/15)            Temple (0/1) D:6            Lair (2/6) D:8
  Swamp: Lair:2-4    Shoals: Lair:2-4     Snake: Lair:2-4    Spider: Lair:2-4
    Orc: D:9-12

Altars:
Ashenzari
Cheibriados
Fedhas
Gozag
Kikubaaqudgha
Makhleb
Nemelex Xobeh
Sif Muna
Trog
Uskayaw
Vehumet
Wu Jian
Xom
Yredelemnul
Zin

Shops:
D:6 (   D:9 =(


Message History

You slash the insubstantial wisp!
You are near starving!
The insubstantial wisp barely misses you.
You slash the insubstantial wisp!
You destroy the insubstantial wisp!
Trog accepts your kill.
You feel yourself speed up.
You start resting.
You feel less exhausted.
You regained 4 hp, and now have 59/121 hp.
You start resting.
You are starving!
You regained 48 hp, and now have 107/121 hp.
You eat one of the 3 royal jellies.
That royal jelly was delicious!
The electric eel is too close now for your liking.
You regained 3 hp, and now have 110/121 hp.
There are monsters nearby!
There are monsters nearby!
The electric eel shoots out a bolt of lightning at you!
The bolt of electricity hits you!
You enter the shallow water.
Moving in this stuff is going to be slow.
The electric eel shoots out a bolt of lightning at you!
The bolt of electricity hits you!
The electric eel shoots out a bolt of lightning at you!
The bolt of electricity hits you!
Unknown command.
You take 24 damage, and have 86/121 hp.
The electric eel shoots out a bolt of lightning at you!
The bolt of electricity hits you!
The electric eel shoots out a bolt of lightning at you!
The bolt of electricity hits you!
The electric eel shoots out a bolt of lightning at you!
The bolt of electricity hits you!
The electric eel shoots out a bolt of lightning at you!
The bolt of electricity hits you!
You see here a whip.
You take 32 damage, and have 54/121 hp.
MASSIVE DAMAGE!!
A red film seems to cover your vision as you go berserk!
You feel yourself moving faster!
You feel mighty!
You are feeling hungry.
The electric eel shoots out a bolt of lightning at you!
The bolt of electricity misses you.
You now have 81/181 hp.
You feel a strong urge to attack something.
The electric eel shoots out a bolt of lightning at you!
The bolt of electricity hits you!
The electric eel shoots out a bolt of lightning at you!
The bolt of electricity hits you!
The electric eel shoots out a bolt of lightning at you!
The bolt of electricity hits you!
You see here a great sword.
You enter the shallow water.
Moving in this stuff is going to be slow.
You feel your anger subside.
You are no longer berserk.
You are exhausted.
You feel yourself slow down.
The electric eel shoots out a bolt of lightning at you!
The bolt of electricity hits you!
* * * LOW HITPOINT WARNING * * *
You now have 32/121 hp.
Your unstable footing causes you to fumble your attack.
The electric eel shoots out a bolt of lightning at you!
The bolt of electricity hits you!
* * * LOW HITPOINT WARNING * * *
Your unstable footing causes you to fumble your attack.
The electric eel shoots out a bolt of lightning at you!
The bolt of electricity hits you!
* * * LOW HITPOINT WARNING * * *
The electric eel shoots out a bolt of lightning at you!
The bolt of electricity hits you!
* * * LOW HITPOINT WARNING * * *
Unknown command.
Unknown command.
You take 24 damage, and have 8/121 hp.
Aim: an electric eel (water)
The burst of metal fragments hits the electric eel. x2
You kill the electric eel!
Trog accepts your kill.
This wand has 1 charge left.
You are feeling very hungry.
Aim: an electric eel (water) This wand has 0 charges left.
The electric eel shoots out a bolt of lightning at you!
The bolt of electricity hits you!
* * * LOW HITPOINT WARNING * * *
You take 6 damage, and have 2/121 hp.
Wield which item (- for none, * to show all)? (? for menu, Esc to quit)
That's the wrong kind of item! (Use * to select it.) Wield which item (- for none, * to show all)? (? for menu, Esc to quit)
Okay, then.
Really quaff
o - 4 potions of lignification {!q}?
You turn into a tree.
Your +1 cloak melds into your body.
Your +0 helmet melds into your body.
Your +0 chain mail melds into your body.
Your roots penetrate the ground.
The electric eel shoots out a bolt of lightning at you!
The bolt of electricity hits you!
You die...

#.. ..≈≈≈≈≈≈≈≈≈≈≈≈.≈....
#......≈≈≈≈≈≈≈≈≈≈≈≈.≈....
......≈≈≈≈≈≈≈≈≈≈≈≈.≈....
.P....≈≈≈≈≈≈≈≈≈≈≈≈.≈....
.P.........%.......≈...(
...................≈....
...........≈≈≈≈≈≈..≈....
...........≈≈≈≈≈≈..≈≈≈≈≈
#≈≈≈♣).)≈≈≈≈≈≈.......
#≈≈≈;...≈≈≈≈≈≈.......
#≈≈≈≈...≈≈≈≈≈≈.......
#≈≈≈≈≈................
##≈≈≈≈.≈≈≈≈≈≈≈≈≈≈≈≈...
#≈≈≈≈.≈≈≈≈≈≈≈≈≈≈≈≈...
#####.#≈#≈#######≈(..
..##≈## #≈#... ###...


You could see an electric eel.

Vanquished Creatures
  A hydra (Lair:1)
  2 two-headed ogres (D:9)
  Erica (D:10)
  2 orc knights (Bailey)
  A black mamba (Lair:2)
  Psyche (D:8)
  Joseph (D:8)
  3 komodo dragons
  6 spiny frogs
  A rime drake (Lair:2)
  2 trolls (D:10)
  A queen bee (D:9)
  A hornet (D:8)
  Grinder (D:6)
  3 hippogriffs
  4 blink frogs (Lair:2)
  A wyvern (Lair:2)
  11 yaks
  Grum (Lair:1)
  2 basilisks
  5 water moccasins
  2 insubstantial wisps (Lair:2)
  3 porcupines
  8 orc warriors
  3 ice beasts
  3 sky beasts
  2 phantoms
  A black bear (D:8)
  2 wolves (Lair:1)
  7 ogres
  2 centaurs
  6 crocodiles
  10 bullfrogs
  A wyvern zombie (D:6)
  A water moccasin zombie (D:9)
  3 scorpions
  A water moccasin skeleton (D:7)
  16 killer bees (D:9)
  2 electric eels (Lair:2)
  3 howler monkeys
  A crimson imp (D:9)
  A centaur zombie (D:8)
  3 hounds
  2 jellies
  A quasit (D:8)
  A gnoll shaman (D:6)
  4 orc priests
  8 orc wizards
  2 iguanas
  4 worker ants
  Terence (D:3)
  A worker ant zombie (D:9)
  A howler monkey zombie (D:5)
  4 gnolls
  7 adders
  A river rat (D:4)
  A shadow imp (D:5)
  An ooze (D:3)
  An adder skeleton (D:9)
  A worm (D:3)
  2 dart slugs (D:2)
  6 leopard geckos
  16 orcs
  8 ball pythons
  9 giant cockroaches
  13 goblins
  8 hobgoblins
  9 jackals
  2 quokkas (D:4)
  5 bats
  8 frilled lizards
  A giant cockroach zombie (D:5)
  A jackal zombie (D:5)
  22 kobolds
  5 rats
288 creatures vanquished.

Vanquished Creatures (collateral kills)
  A blink frog (Lair:1)
  A yak (Lair:1)
2 creatures vanquished.

Vanquished Creatures (others)
  A fungus (Lair:2)
1 creature vanquished.

Grand Total: 291 creatures vanquished

Notes
Turn   | Place    | Note
-------+----------+-------------------------------------------
     0 | D:1      | Gorglomux the Hill Orc Berserker began the quest for the Orb.
     0 | D:1      | Reached XP level 1. HP: 19/19 MP: 1/1
    96 | D:1      | Reached XP level 2. HP: 24/26 MP: 2/2
   319 | D:1      | Reached skill level 5 in Axes
   499 | D:1      | Reached ** piety under Trog
   499 | D:1      | Reached XP level 3. HP: 31/31 MP: 3/3
  1337 | D:2      | Reached skill level 6 in Axes
  1400 | D:2      | Found a radiant altar of Vehumet.
  1410 | D:2      | Reached XP level 4. HP: 39/39 MP: 4/4
  1661 | D:2      | Found a deep blue altar of Sif Muna.
  1861 | D:3      | Found a shattered altar of Ashenzari.
  1933 | D:3      | Noticed Terence
  1947 | D:3      | Killed Terence
  1997 | D:3      | Reached skill level 7 in Axes
  2363 | D:3      | Found a snail-covered altar of Cheibriados.
  2584 | D:4      | Reached XP level 5. HP: 31/45 MP: 5/5
  2654 | D:4      | Found a glowing drain.
  2679 | Sewer    | Entered a sewer
  2809 | Sewer    | Reached *** piety under Trog
  2851 | Sewer    | Reached skill level 8 in Axes
  3288 | D:4      | Noticed an orc warrior
  3294 | D:4      | Reached XP level 6. HP: 51/51 MP: 6/6
  3297 | D:4      | Killed an orc warrior
  3297 | D:4      | Reached skill level 9 in Axes
  3429 | D:4      | Reached skill level 10 in Axes
  3429 | D:4      | Reached XP level 7. HP: 57/57 MP: 7/7
  3723 | D:5      | Entered Level 5 of the Dungeon
  3821 | D:5      | Reached skill level 11 in Axes
  4196 | D:5      | Reached skill level 12 in Axes
  4196 | D:5      | Reached XP level 8. HP: 36/64 MP: 8/8
  4596 | D:5      | Found a shimmering altar of Xom.
  4739 | D:6      | Found a staircase to the Ecumenical Temple.
  4765 | D:6      | Reached **** piety under Trog
  4883 | D:6      | Noticed Grinder
  4896 | D:6      | Killed Grinder
  4896 | D:6      | Reached skill level 13 in Axes
  5062 | D:6      | Reached skill level 14 in Axes
  5151 | D:6      | Reached XP level 9. HP: 70/70 MP: 9/9
  5418 | D:6      | Found Teve's Antique Weapon Boutique.
  5629 | D:6      | Reached skill level 15 in Axes
  5739 | D:7      | Reached skill level 16 in Axes
  5955 | D:7      | Found a sparkling altar of Nemelex Xobeh.
  5956 | D:7      | Found an opulent altar of Gozag.
  6034 | D:7      | Found a hide-covered altar of Uskayaw.
  6270 | D:8      | Noticed a hornet
  6274 | D:8      | Paralysed by a hornet for 1 turns
  6278 | D:8      | Killed a hornet
  6278 | D:8      | Reached XP level 10. HP: 77/77 MP: 10/10
  6279 | D:8      | Reached skill level 17 in Axes
  6533 | D:8      | Reached ***** piety under Trog
  6705 | D:8      | Reached skill level 18 in Axes
  6714 | D:8      | Found a staircase to the Lair.
  6719 | D:8      | Noticed Joseph
  6737 | D:8      | Killed Joseph
  6823 | D:8      | Found a blossoming altar of Fedhas.
  6887 | D:8      | Noticed Psyche
  6902 | D:8      | Killed Psyche
  7196 | D:9      | Reached skill level 4 in Fighting
  7201 | D:9      | Reached skill level 5 in Fighting
  7211 | D:9      | Reached skill level 6 in Fighting
  7225 | D:9      | HP: 30/126 [poisoned by a killer bee]
  7230 | D:9      | HP: 23/126 [poisoned by a killer bee]
  7234 | D:9      | HP: 10/84 [poisoned by a killer bee]
  7239 | D:9      | HP: 10/84 [poisoned by a killer bee]
  7244 | D:8      | HP: 14/84 [poisoned by a killer bee]
  7249 | D:8      | HP: 19/84 [poisoned by a killer bee]
  7552 | D:9      | Reached skill level 7 in Fighting
  7651 | D:9      | Found Rekk's Jewellery Boutique.
  7669 | D:9      | Found Nedexzir's Antique Weapon Boutique.
  7724 | D:9      | Found a basalt altar of Yredelemnul.
  7734 | D:9      | Found a bloodstained altar of Trog.
  7734 | D:9      | Found an ornate altar of the Wu Jian Council.
  7758 | D:9      | Found a glowing silver altar of Zin.
  7761 | D:9      | Found a burning altar of Makhleb.
  7826 | D:9      | Reached XP level 11. HP: 92/92 MP: 11/11
  7878 | D:9      | Noticed a two-headed ogre
  7890 | D:9      | Killed a two-headed ogre
  7890 | D:9      | Reached skill level 8 in Fighting
  7962 | D:9      | Found an ancient bone altar of Kikubaaqudgha.
  8120 | D:9      | Noticed a two-headed ogre
  8155 | D:9      | Killed a two-headed ogre
  8155 | D:9      | Reached skill level 9 in Fighting
  8239 | D:10     | Entered Level 10 of the Dungeon
  8245 | D:10     | Found a flagged portal.
  8263 | Bailey   | Entered a bailey
  8277 | Bailey   | Noticed an orc knight
  8278 | Bailey   | Noticed an orc knight
  8299 | Bailey   | Killed an orc knight
  8304 | Bailey   | Reached skill level 10 in Fighting
  8473 | Bailey   | Killed an orc knight
  8491 | Bailey   | Got a crystal hand axe {antimagic}
  8492 | Bailey   | Identified the cursed +1 hand axe of Responsibility {antimagic, +Fly Dex+5 Stlth+} (You took it off a kobold in a bailey)
  8915 | D:10     | Reached skill level 11 in Fighting
  9135 | D:10     | Found a burning altar of Makhleb.
  9307 | D:10     | Noticed Erica
  9313 | D:10     | Killed Erica
  9361 | D:9      | Received a gift from Trog
  9390 | Lair:1   | Entered Level 1 of the Lair of Beasts
  9393 | Lair:1   | Noticed Grum
  9400 | Lair:1   | Reached skill level 12 in Fighting
  9405 | Lair:1   | Killed Grum
  9782 | Lair:1   | Noticed a four-headed hydra
  9805 | Lair:1   | Killed a seven-headed hydra
  9805 | Lair:1   | Reached skill level 13 in Fighting
 10133 | Lair:1   | Reached XP level 12. HP: 101/115 MP: 12/12
 10733 | Lair:2   | Reached skill level 14 in Fighting
 10740 | Lair:1   | HP: 29/117 [blink frog (10)]
 10745 | Lair:1   | HP: 21/117 [blink frog (1)]
 10751 | Lair:1   | HP: 28/117 [poisoned by a spiny frog]
 11616 | Lair:2   | Reached skill level 15 in Fighting
 11782 | Lair:2   | HP: 24/121 [insubstantial wisp/static electricity (8)]
 11787 | Lair:2   | HP: 20/121 [poisoned by a black mamba]
 11793 | Lair:2   | HP: 18/121 [poisoned by a black mamba]
 11798 | Lair:2   | HP: 17/121 [poisoned by a black mamba]
 11806 | Lair:2   | HP: 17/121 [poisoned by a black mamba]
 12373 | Lair:2   | HP: 21/121 [electric eel/bolt of electricity (11)]
 12374 | Lair:2   | HP: 8/121 [electric eel/bolt of electricity (10)]
 12376 | Lair:2   | HP: 2/121 [electric eel/bolt of electricity (7)]
 12377 | Lair:2   | Killed from afar by an electric eel

Vault maps used:
D:1:      dpeg_arrival_more_subterranean_lakeside_camping
D:2:      old_standard_altar, serial_corexii_hall, corexii_hall_statues_x,
          corexii_hall_statues_l, corexii_hall_statues_l,
          corexii_hall_statues_l, first_bread, lemuel_blue_sif_altar
D:3:      nicolae_overflow_hidden_temple, cheibrodos_ashenzari_chains,
          uniq_terence
D:4:      cheibrodos_sewer_entry_sluice
D:5:      kennysheep_mini_moat
D:6:      temple_fountains, serial_shops, nicolae_shop_trees, uniq_grinder
D:7:      grunt_temple_overflow_opulence, eat_drink_and_be_merry_uskayaw
D:8:      david_lair_generic, fedhas_altar_3, uniq_psyche, uniq_joseph
D:9:      minmay_overflow_temple_star_hex, kennysheep_little_box, serial_shops,
          shop_statue, shop, david_nohive_1
D:10:     enter_bailey_3, bloody_makhleb, uniq_erica
Lair:1:   infiniplex_staircase_pool, uniq_grum
Lair:2:   minmay_swamp_entry_wisps, forest_entry_grove
Sewer:    sewer_frog_island_01
Bailey:   bailey_axe_4, bailey

Skill      XL: |  1  2  3  4  5  6  7  8  9 10 11 12 |
---------------+-------------------------------------+-----
Axes           | 5 6 7 8 10 12 14 16 18 | 18.6
Fighting       | 7 13 15 | 15.5
Armour         | |  2.1
Dodging        | |  1.5

Action                   |  1- 3 |  4- 6 |  7- 9 | 10-12 || total
-------------------------+-------+-------+-------+-------++-------
Melee: Hand axe          |   129 |   136 |       |       ||   265
       Broad axe         |       |    21 |   184 |   369 ||   574
Invok: Berserk           |     1 |     4 |     8 |    16 ||    29
       Trog's Hand       |       |       |     1 |     4 ||     5
       Brothers in Arms  |       |       |       |     2 ||     2
       Burn Spellbooks   |       |       |       |     1 ||     1
Evoke: Wand              |       |       |       |     3 ||     3
  Use: Scroll            |       |       |     9 |     5 ||    14
       Potion            |       |       |       |     2 ||     2
  Eat: Chunk             |     2 |    10 |    11 |    25 ||    48
       Meat ration       |       |       |     1 |       ||     1
       Fruit             |       |       |     1 |       ||     1
       Royal jelly       |       |       |       |     6 ||     6
Armor: Chain mail        |    84 |    89 |    78 |   131 ||   382
       Animal skin       |     1 |       |       |       ||     1
Dodge: Dodged            |    49 |    64 |    85 |   134 ||   332

Vault maps used:
D:1:      dpeg_arrival_more_subterranean_lakeside_camping
D:2:      old_standard_altar, serial_corexii_hall, corexii_hall_statues_x,
          corexii_hall_statues_l, corexii_hall_statues_l,
          corexii_hall_statues_l, first_bread, lemuel_blue_sif_altar
D:3:      nicolae_overflow_hidden_temple, cheibrodos_ashenzari_chains,
          uniq_terence
D:4:      cheibrodos_sewer_entry_sluice
D:5:      kennysheep_mini_moat
D:6:      temple_fountains, serial_shops, nicolae_shop_trees, uniq_grinder
D:7:      grunt_temple_overflow_opulence, eat_drink_and_be_merry_uskayaw
D:8:      david_lair_generic, fedhas_altar_3, uniq_psyche, uniq_joseph
D:9:      minmay_overflow_temple_star_hex, kennysheep_little_box, serial_shops,
          shop_statue, shop, david_nohive_1
D:10:     enter_bailey_3, bloody_makhleb, uniq_erica
Lair:1:   infiniplex_staircase_pool, uniq_grum
Lair:2:   minmay_swamp_entry_wisps, forest_entry_grove
Sewer:    sewer_frog_island_01
Bailey:   bailey_axe_4, bailey

Table legend:
 A = Turns spent in this place as a percentage of turns spent in the entire game.
 B = Non-inter-level travel turns spent in this place as a percentage of non-inter-level travel turns spent in the entire game.
 C = Inter-level travel turns spent in this place as a percentage of turns spent in this place.
 D = Turns resting spent in this place as a percentage of non-inter-level travel turns spent in this place.
 E = Turns spent auto-exploring this place as a percentage of non-inter-level travel turns spent in this place.
 F = Non-inter-level travel turns spent in this place divided by the number of levels of this place that you've seen.
                   A       B       C       D       E      F
               +-------+-------+-------+-------+-------+----------------------
         Total | 100.0 | 100.0 |   0.4 |   4.1 |   8.9 | 264.9
       Dungeon |  69.6 |  69.5 |   0.6 |   2.8 |  10.5 | 257.7
          Lair |  18.5 |  18.6 |   0.1 |   9.2 |   5.2 | 344.0
         Sewer |   6.1 |   6.1 |   0.0 |   1.3 |   6.6 | 228.0
        Bailey |   5.8 |   5.8 |   0.0 |   7.0 |   3.7 | 215.0
               +-------+-------+-------+-------+-------+----------------------

Table legend:
 A = Kills in this place as a percentage of kills in entire the game.
 B = Kills by you in this place as a percentage of kills by you in the entire game.
 C = Kills by friends in this place as a percentage of kills by friends in the entire game.
 D = Other kills in this place as a percentage of other kills in the entire game.
 E = Experience gained in this place as a percentage of experience gained in the entire game.
 F = Experience gained in this place divided by the number of levels of this place that you have seen.
                   A       B       C       D       E      F
               +-------+-------+-------+-------+-------+----------------------
         Total | 100.0 | 100.0 | 100.0 |  -nan | 100.0 | 1873.1
       Dungeon |  69.0 |  69.4 |   0.0 |  -nan |  50.1 | 1314.2
          Lair |  16.2 |  15.6 | 100.0 |  -nan |  41.1 | 5385.5
         Sewer |   5.9 |   5.9 |   0.0 |  -nan |   0.4 | 118.0
        Bailey |   9.0 |   9.0 |   0.0 |  -nan |   8.4 | 2193.0
               +-------+-------+-------+-------+-------+----------------------
